 Dungeon Crawl Stone Soup version 0.27.1-33-g824d729ab1 (webtiles) character file.

Game seed: 6300266371504939500

443 alasdair19 the Covered (level 6, -9/55 HPs)
             Began as a Minotaur Fighter on Dec 9, 2021.
             Was an Initiate of Okawaru.
             Mangled by an ogre (22 damage)
             ... on level 4 of the Dungeon.
             The game lasted 00:06:21 (3849 turns).

alasdair19 the Covered (Minotaur Fighter)           Turns: 3849, Time: 00:06:21

Health: -9/55      AC:  7    Str: 21    XL:     6   Next: 71%
Magic:  5/5        EV:  8    Int:  6    God:    Okawaru [......]
Gold:   230        SH:  9    Dex: 10    Spells: 5/5 levels left

rFire    . . .     SeeInvis +   a - +0 long sword
rCold    . . .     Faith    .   c - +0 kite shield
rNeg     . . .     Spirit   .   b - +0 scale mail
rPois    +         Reflect  .   (helmet restricted)
rElec    .         Harm     .   (no cloak)
rCorr    .         Rampage  .   (no gloves)
Will     .....                  (no boots)
Stlth    ..........             (no amulet)
HPRegen  0.18/turn              f - ring of see invisible
MPRegen  0.09/turn              n - ring of poison resistance

@: no status effects
A: horns 2, retaliatory headbutt
a: Renounce Religion


You were on level 4 of the Dungeon.
You worshipped Okawaru.
Okawaru was noncommittal.
You visited 2 branches of the dungeon, and saw 6 of its levels.

You collected 230 gold pieces.

Inventory:

Hand Weapons
 a - a +0 long sword (weapon)
Armour
 b - a +0 scale mail (worn)
 c - a +0 kite shield (worn)
Jewellery
 f - a ring of see invisible (left hand)
 j - a ring of resist corrosion
 n - a ring of poison resistance (right hand)
Wands
 h - a wand of paralysis (10)
Scrolls
 k - a scroll of holy word {unknown}
Potions
 d - a potion of might
 e - a potion of heal wounds {unknown}
 g - a potion of cancellation {unknown}
 i - 3 potions of flight
 l - a potion of haste {unknown}
 m - a potion of curing {unknown}


   Skills:
 + Level 4.9 Fighting
 + Level 5.5 Long Blades
 + Level 5.6 Armour
 - Level 1.6 Dodging
 - Level 0.2 Stealth
 + Level 4.5 Shields
 * Level 1.0 Invocations


You had 5 spell levels left.
You didn't know any spells.
Your spell library contained the following spells:

 Spells                   Type           Power      Damage    Failure   Level
 Animate Skeleton         Necr           0%         N/A       99%         1
 Pain                     Necr           0%         1d4       99%         1
 Slow                     Hex            0%         N/A       100%        2
 Confusing Touch          Hex            0%         N/A       100%        3
 Dazzling Flash           Conj/Hex       0%         N/A       100%        3
 Frozen Ramparts          Ice            0%         1d2       100%        3
 Vampiric Draining        Necr           0%         2d6       100%        3
 Ice Form                 Ice/Tmut       0%         N/A       100%        4
 Summon Ice Beast         Ice/Summ       0%         N/A       100%        4
 Agony                    Necr           0%         N/A       100%        5
 Silence                  Hex/Air        0%         N/A       100%        5


Dungeon Overview and Level Annotations

Branches:
Dungeon (5/15)             Temple (1/1) D:4

Altars:
Ashenzari
Cheibriados
Dithmenos
Elyvilon
Gozag
Hepliaklqana
Kikubaaqudgha
Makhleb
Nemelex Xobeh
Okawaru
Ru
Sif Muna
Trog
Vehumet
Wu Jian
Xom
Yredelemnul
Zin

Annotations:
D:3 2 transporters, Garym's ghost, amateur MiGl
D:4 3 runed translucent doors, madmanarnold's ghost, novice FoFi


Innate Abilities, Weirdness & Mutations

You have a pair of horns on your head.
You reflexively headbutt those who attack you in melee.


Message History

There are monsters nearby!
The centaur wields a +0 shortbow.
The centaur shoots an arrow.
You block the arrow.
You climb upwards.
Level annotation: 3 runed translucent doors, madmanarnold's ghost, novice FoFi
There is a stone staircase leading down here.
There is a stone staircase leading down here.
You climb downwards.
The orc shouts!
You hear a shout! x2
An orc comes into view. It is wielding a +0 whip.
An ogre comes into view. It is wielding a +0 giant club.
Found 29 stones and a bubbling dark potion.
There is a stone staircase leading up here.
There is a stone staircase leading up here.
You hit the howler monkey skeleton.
The howler monkey skeleton is lightly damaged.
An orc comes into view. It is wielding a +0 club.
The howler monkey skeleton hits you but does no damage.
You barely miss the howler monkey skeleton.
You headbutt the howler monkey skeleton!
The howler monkey skeleton is severely damaged.
You block the howler monkey skeleton's attack.
An orc comes into view. It is wielding a +0 club.
The orc shouts!
The howler monkey skeleton hits you. The ogre completely misses you.
You riposte.
You closely miss the ogre.
You climb upwards.
Level annotation: 3 runed translucent doors, madmanarnold's ghost, novice FoFi
There is a stone staircase leading down here.
You barely miss the orc. You headbutt the orc.
The orc is almost dead.
You block the orc's attack. The ogre hits you with a +0 giant club!
You closely miss the orc. Your headbutt misses the orc.
The orc is almost dead.
The orc hits you with a +0 hand axe.
The ogre hits you with a +0 giant club!!
* * * LOW HITPOINT WARNING * * *
The orc hits you but does no damage.
The ogre hits you with a +0 giant club!!
You die...

############### #.............# #
#####.###########.#
########.[.....(O>o...##.########
#. ...≈#......##@####.##.........
# ...b#.#.####### ##.....<.#### #
.≈.≈#...# ≈.≈≈ #.######.#
########...## ≈.≈≈ #.# #.#
.......###..#########.######.##
######.###....................# #
###......##.#.[...........#.### #
#...#.....................#...#
.≈#...........<...............#.#


You could see an ogre and an orc.

Vanquished Creatures
  Grinder (D:4)
  A phantom (D:4)
  A bullfrog (D:3)
  2 hound skeletons (D:4)
  4 adders
  An ufetubus (D:4)
  3 worms (D:2)
  A dart slug (D:1)
  An orc (D:3)
  4 ball pythons
  3 endoplasms
  A giant cockroach (D:3)
  9 hobgoblins
  4 kobolds
  A quokka (D:4)
  2 bats (D:2)
  A frilled lizard (D:2)
  7 goblins
  2 rats
  A toadstool (D:2)
50 creatures vanquished.

Vanquished Creatures (others)
  10 fungi
  22 plants
  2 toadstools (D:2)
34 creatures vanquished.

Grand Total: 84 creatures vanquished

Notes
Turn   | Place    | Note
-------+----------+-------------------------------------------
     0 | D:1      | alasdair19 the Minotaur Fighter began the quest for the
                  | Orb.
     0 | D:1      | Reached XP level 1. HP: 19/19 MP: 0/0
   388 | D:1      | Reached XP level 2. HP: 27/27 MP: 1/1
   823 | D:2      | Reached XP level 3. HP: 30/33 MP: 2/2
  1531 | D:2      | Reached XP level 4. HP: 32/40 MP: 3/3
  2007 | D:3      | Noticed Garym's ghost (amateur MiGl)
  2025 | D:3      | Found a transporter.
  2028 | D:3      | Found a transporter.
  2136 | D:3      | Found a faded altar of an unknown god.
  2136 | D:3      | Noticed a bullfrog
  2150 | D:3      | Killed a bullfrog
  2172 | D:3      | Reached XP level 5. HP: 43/47 MP: 4/4
  2550 | D:4      | Found a staircase to the Ecumenical Temple.
  2556 | Temple   | Entered the Ecumenical Temple
  2602 | Temple   | Became a worshipper of Warmaster Okawaru
  2656 | D:4      | Noticed Grinder
  2660 | D:4      | Paralysed by Grinder for 3 turns
  2668 | D:4      | Paralysed by Grinder for 4 turns
  2673 | D:4      | Killed Grinder
  2674 | D:4      | Reached skill level 5 in Long Blades
  2674 | D:4      | Reached skill level 5 in Armour
  2674 | D:4      | Reached skill level 1 in Dodging
  2674 | D:4      | Reached XP level 6. HP: 13/55 MP: 5/5
  3131 | D:4      | Found a runed translucent gate.
  3132 | D:4      | Found a runed translucent gate.
  3132 | D:4      | Found a runed translucent gate.
  3134 | D:4      | Noticed madmanarnold's ghost (novice FoFi)
  3316 | D:4      | Reached skill level 1 in Invocations
  3820 | D:5      | Entered Level 5 of the Dungeon
  3849 | D:4      | Mangled by an ogre

Illustrated notes

Levels and vault maps discovered:
D:1:      amcnicky_arrival_abandoned_market, layout_loops_ring
D:2:      layout_basic, minmay_gold_behind_fungi, serial_bayou_lagoon_a
D:3:      layout_loops_ring, gammafunk_ghost_arena,
          shapermc_ecumenical_altar_ellora
D:4:      layout_loops_ring, minmay_temple_entry_wispy,
          gammafunk_ghost_necromancy, serial_aquarium, aquarium_bridge_square
          [aquarium_subvault_balcony, aquarium_subvault_bridge,
          aquarium_subvault_bridge, aquarium_subvault_window],
          aquarium_window_3, aquarium_window_1, aquarium_window_2,
          aquarium_view_2c, aquarium_view_2f, uniq_grinder
D:5:      layout_rooms
Temple:   nicolae_temple_the_god_donut

Skill      XL: |  1  2  3  4  5  6 |
---------------+-------------------+-----
Armour         | 4 5 |  5.6
Fighting       | 4 |  4.9
Shields        | 4 |  4.5
Long Blades    | 3 4 5 |  5.5
Dodging        | 1 |  1.6
Invocations    | 1 |  1.0
Stealth        | |  0.2

Action                   |  1- 3 |  4- 6 || total
-------------------------+-------+-------++-------
Melee: Long sword        |    76 |    61 ||   137
       Headbutt          |     8 |    14 ||    22
  Use: Scroll            |       |     3 ||     3
       Potion            |       |     1 ||     1
Armor: Scale mail        |    35 |    24 ||    59
Dodge: Dodged            |    21 |    16 ||    37
Block: Kite shield       |    30 |    34 ||    64
       Rpst.: Long sword |     7 |     5 ||    12
